 Dungeon Crawl Stone Soup version 0.23.2-1-ga50397a (webtiles) character file.

Game seed: 9652672025497732705

173 xveg the Chiller (level 5, 0/25 HPs)
             Began as a Vine Stalker Ice Elementalist on May 7, 2019.
             Was a Follower of Qazlal.
             Killed from afar by a dart slug (5 damage)
             ... with a slug dart
             ... on level 3 of the Dungeon.
             The game lasted 00:16:23 (2343 turns).

xveg the Chiller (Vine Stalker Ice Elementalist)    Turns: 2343, Time: 00:16:24

Health: 0/25       AC:  6    Str: 11    XL:     5   Next: 53%
Magic:  0/10       EV: 13    Int: 16    God:    Qazlal [*.....]
Gold:   177        SH:  4    Dex: 14    Spells: 6/9 levels left

rFire    . . .     SeeInvis .   k - +2 whip (elec)
rCold    . . .     Gourm    .   (no shield)
rNeg     . . .     Faith    .   a - +0 robe
rPois    .         Spirit   +   (no helmet)
rElec    .         Reflect  +   (no cloak)
rCorr    .         Harm     .   (no gloves)
MR       .....                  (no boots)
Stlth    ++........             e - +3 amulet of reflection
HPRegen  0.48/turn              b - +4 ring of protection
MPRegen  0.12/turn              r - +1 ring of evasion

@: no status effects
A: fangs 2, regeneration 1, magic shield, antimagic bite, no potion heal 3, rot
immunity
a: Renounce Religion


You were on level 3 of the Dungeon.
You worshipped Qazlal.
Qazlal was aware of your devotion.
You were not hungry.

You visited 1 branch of the dungeon, and saw 4 of its levels.

You collected 177 gold pieces.

Inventory:

Hand Weapons
 g - a +0 hunting sling
 i - a +0 dagger
 k - a +2 whip of electrocution (weapon)
 p - a +0 dagger of speed
Missiles
 f - 30 sling bullets
Armour
 a - a +0 robe (worn)
Jewellery
 b - a +4 ring of protection (left hand)
 e - a +3 amulet of reflection (around neck)
 q - a +3 ring of protection
 r - a +1 ring of evasion (right hand)
 t - an uncursed ring of protection from magic {unknown}
Wands
 u - a wand of random effects (27)
Scrolls
 h - a scroll of fog {unknown}
 o - a scroll of teleportation {unknown}
 s - a scroll of identify
Potions
 d - 2 potions of curing {unknown}
 j - a potion of might {unknown}
 l - 2 potions of lignification {unknown}
 m - a potion of agility {unknown}
 n - 2 potions of magic {unknown}
Comestibles
 c - 3 rations


   Skills:
 + Level 1.4 Fighting
 + Level 2.0 Maces & Flails
 + Level 1.5 Slings
 + Level 2.1 Dodging
 + Level 2.7 Stealth
 + Level 2.6 Spellcasting
 + Level 1.2 Conjurations
 + Level 3.7 Ice Magic


You had 6 spell levels left.
You knew the following spells:

 Your Spells              Type           Power        Failure   Level  Hunger
a - Freeze                Ice            ##..         4%          1    #......
b - Throw Frost           Conj/Ice       ##....       11%         2    ##.....

Your spell library contained the following spells:

 Spells                   Type           Power        Failure   Level  Hunger
 Ozocubu's Armour         Chrm/Ice       #.......     26%         3    ###....
 Throw Icicle             Conj/Ice       ##......     56%         4    #####..
 Summon Ice Beast         Ice/Summ       #.......     65%         4    #####..


Dungeon Overview and Level Annotations

Branches:
Dungeon (4/15)
 Temple: D:4-7

Altars:
Qazlal

Annotations:
D:3 Menkaure
D:4 Eustachio


Innate Abilities, Weirdness & Mutations

You have extremely sharp teeth.
Your natural rate of healing is unusually fast.
When hurt, damage is shared between your health and your magic reserves.
Your bite disrupts and absorbs the magic of your enemies.
Potions cannot restore your health.
You are immune to rotting.


Message History

Ouch! That really hurt!
* * * LOW HITPOINT WARNING * * *
Eustachio mumbles some strange words.
Eustachio blinks!
The quokka skeleton completely misses you.
The bat closely misses you. Menkaure misses you.
Eustachio gestures wildly while chanting.
The dart slug barely misses you. Menkaure misses you.
The quokka skeleton bites you but does no damage.
You climb upwards.
There is a stone staircase leading down here.
Unknown command.
Unknown command.
The dart slug bites you but does no damage.
Menkaure calls on the powers of darkness!
The dart slug convulses!
Your body is wracked with pain!
* * * LOW HITPOINT WARNING * * *
The dart slug launches a dart at you. The slug dart hits you!
You die...

###..# #.#..#..#####.#
.....#####.#..#.(......#
......(.......#...####.#
###.######.##.#...####.# #.#
#.##..........# #.#
#.##..........# #.#
##.###....####.#### #[##
#.................# #..#
#.÷###.○@....#.##.#
#..####..###.....###.##.#####
###.............M.............#
........#..##..w.......##.#####
...............÷>.####.##.#####
####.......###..#.# #.#......#
####.###...###..#.####.#...####
.......#.............#.#...#
.......#..####..#.####.#...#


You could see Menkaure and a dart slug.

Vanquished Creatures
  2 hounds (D:3)
  Robin (D:2)
  3 adders
  3 worms
  2 leopard geckos
  4 ball pythons
  A giant cockroach (D:1)
  14 goblins
  8 hobgoblins
  2 quokkas (D:3)
  7 bats
  3 frilled lizards
  7 kobolds
  9 rats
66 creatures vanquished.

Vanquished Creatures (others)
  A goblin (D:2)
1 creature vanquished.

Grand Total: 67 creatures vanquished

Notes
Turn   | Place    | Note
-------+----------+-------------------------------------------
     0 | D:1      | xveg the Vine Stalker Ice Elementalist began the quest for
                  | the Orb.
     0 | D:1      | Reached XP level 1. HP: 9/9 MP: 4/4
   150 | D:1      | Reached XP level 2. HP: 10/13 MP: 1/6
   431 | D:1      | Reached XP level 3. HP: 17/17 MP: 7/7
   886 | D:2      | Found a stormy altar of Qazlal.
   911 | D:2      | Became a worshipper of Qazlal Stormbringer
   949 | D:2      | Learned a level 2 spell: Throw Frost
   973 | D:2      | Noticed Robin
   978 | D:2      | Reached skill level 1 in Slings
   991 | D:2      | Killed Robin
  1133 | D:2      | Gained mutation: Your natural rate of healing is unusually
                  | fast. [Vine Stalker growth]
  1133 | D:2      | Reached XP level 4. HP: 12/21 MP: 8/8
  1563 | D:2      | Reached skill level 1 in Fighting
  1700 | D:3      | Reached skill level 1 in Maces & Flails
  1731 | D:3      | Reached * piety under Qazlal
  2072 | D:3      | Reached XP level 5. HP: 25/25 MP: 6/9
  2237 | D:4      | Noticed Eustachio
  2250 | D:4      | Noticed Menkaure
  2343 | D:3      | Killed from afar by a dart slug

Skill      XL: |  1  2  3  4  5 |
---------------+----------------+-----
Slings         | 1 |  1.5
Fighting       | 1 |  1.4
Maces & Flails | 1 2 |  2.0
Dodging        | 2 |  2.1
Stealth        | |  2.7
Spellcasting   | |  2.6
Conjurations   | |  1.2
Ice Magic      | |  3.7

Action                   |  1- 3 |  4- 6 || total
-------------------------+-------+-------++-------
Melee: Unarmed           |    14 |       ||    14
       Bite              |    10 |    14 ||    24
       Whip              |    22 |    64 ||    86
 Fire: Hunting sling     |    43 |       ||    43
 Cast: Freeze            |    20 |       ||    20
       Throw Frost       |     1 |    36 ||    37
  Use: Scroll            |     2 |     4 ||     6
  Eat: Chunk             |     1 |     6 ||     7
Armor: Robe              |    26 |    31 ||    57
Dodge: Dodged            |    43 |    46 ||    89
Block: Other             |    14 |    15 ||    29
       Reflection        |     1 |       ||     1
